[Event "Team 45 45 League T82"]
[Site "Internet Chess Club"]
[Date "2019.11.02"]
[Round "6"]
[White "Beetlejuice"]
[Black "Portola"]
[Result "1-0"]
[WhiteElo "1699"]
[BlackElo "1582"]
[Opening "Catalan: closed, main line"]
[ECO "E09"]
[Time "11:01:57"]
[TimeControl "2700+45"]

1. d4 d5 2. c4 e6 3. Nf3 Nf6 4. g3 Be7 5. Bg2 O-O 6. O-O Nbd7 7. Qc2 c6 8. Nbd2
b6 9. e4 dxe4 10. Nxe4 Nxe4 11. Qxe4 Bb7 12. b3 Nf6 13. Qc2 Qc8 14. c5 Nd5 15.
Bg5 f6 16. Bd2 bxc5 17. dxc5 e5 18. Ba5 Bd8 19. Bxd8 Rxd8 20. Rfd1 Qc7 21. Nd2
Bc8 22. Nc4 Be6 23. Nd6 Rab8 24. Rac1 g6 25. Qe2 Qg7 26. f4 h5 27. fxe5 fxe5 28.
Re1 Nb4 29. a3 Bg4 30. Qc4+ Nd5 31. Bxd5+ cxd5 32. Qxd5+ Kh7 33. b4 a5 34. b5
Rxb5 35. Rxe5 Bf3 36. Qe6 Rb2 37. Qe7 Rg2+ 38. Kf1 Rf8 39. Ke1 Rb8 40. Qxg7+
Kxg7 41. Re7+ Kg8 42. Re8+ Rxe8+ 43. Nxe8 Kf7 44. Nd6+ Ke7 45. Nc4 Re2+ 46. Kf1
Rxh2 47. Rc3 Be2+ 48. Kg1 Bxc4 49. Kxh2 Bd5 50. Kh3 Kd7 51. Kh4 Kc6 52. Kg5 Be4
53. Kf4 Bf5 54. Ke5 Bg4 55. Kd4 Bf5 56. Rb3 a4 57. Rb6+ Kc7 58. Ra6 {Black
resigns} 1-0

[Event "Team 45 45 League T82"]
[Site "Internet Chess Club"]
[Date "2019.10.30"]
[Round "6"]
[White "VictorRed"]
[Black "Demachaeron"]
[Result "0-1"]
[WhiteElo "1640"]
[BlackElo "1733"]
[Opening "Scandinavian (center counter) defense"]
[ECO "B01"]
[Time "22:01:10"]
[TimeControl "2700+45"]

1. e4 d5 2. exd5 Qxd5 3. Nc3 Qa5 4. Nf3 Bg4 5. Be2 e6 6. d4 Nf6 7. O-O c6 8. Bd2
Qd8 9. Bg5 Be7 10. Ne5 Bf5 11. g4 Bg6 12. Nxg6 hxg6 13. Bf3 Qc7 14. h4 Nxg4 15.
Bxg4 Bxg5 16. f4 Rxh4 17. Qf3 Bf6 18. Ne2 Nd7 19. c3 O-O-O 20. c4 Rdh8 21. Rad1
g5 22. d5 Qb6+ 23. Kg2 Rh2+ 24. Kg3 gxf4+ 25. Nxf4 Ne5 26. Qe4 Nxg4 27. Kxg4
Qxb2 28. Qe3 R2h4+ 29. Kf3 Rh3+ 30. Nxh3 Rxh3+ 31. Kf4 Rxe3 32. Kxe3 Qe5+ 33.
Kf3 exd5 34. cxd5 cxd5 35. Rfe1 Qc3+ 36. Re3 Qc6 37. Red3 d4+ 38. Kg4 Qe4+ 39.
Kg3 Be5+ 40. Kf2 g5 41. Rc1+ Kd7 42. Rf3 f5 43. Re1 Qh4+ 44. Ke2 f4 45. Kd2 Kd6
46. Re2 g4 47. Rb3 b6 48. Rb5 Qf6 49. Kd3 f3 50. Rc2 {White resigns} 0-1

[Event "Team 45 45 League T82"]
[Site "Internet Chess Club"]
[Date "2019.11.04"]
[Round "6"]
[White "bennywins"]
[Black "andrew37"]
[Result "1-0"]
[WhiteElo "1673"]
[BlackElo "1627"]
[Opening "Sicilian"]
[ECO "B50"]
[Time "17:12:05"]
[TimeControl "2700+45"]

1. e4 c5 2. Nf3 d6 3. c3 Nf6 4. Qc2 Nc6 5. d4 cxd4 6. cxd4 Bg4 7. Bb5 e6 8. d5
exd5 9. exd5 Qe7+ 10. Be3 Nxd5 11. Bxc6+ bxc6 12. Qxc6+ {Black resigns} 1-0

[Event "Team 45 45 League T82"]
[Site "Internet Chess Club"]
[Date "2019.10.31"]
[Round "6"]
[White "MacroPawn"]
[Black "cysk"]
[Result "1-0"]
[WhiteElo "1689"]
[BlackElo "1771"]
[Opening "English: symmetrical variation"]
[ECO "A30"]
[Time "22:11:48"]
[TimeControl "2700+45"]

1. c4 c5 2. Nf3 Nf6 3. g3 b6 4. Bg2 Bb7 5. Nc3 g6 6. d3 Bg7 7. Bg5 h6 8. Bf4 O-O
9. Qd2 g5 10. Be3 d5 11. Ng1 e6 12. h4 Ng4 13. hxg5 Nxe3 14. fxe3 Qxg5 15. O-O-O
Bc6 16. Nf3 Qg6 17. Nh4 Qg5 18. cxd5 exd5 19. Rdf1 Re8 20. Nf5 d4 21. Ne4 dxe3
22. Qc2 Bxe4 23. Bxe4 Rxe4 24. dxe4 Nc6 25. Qb3 Ne5 26. Rf4 Rd8 27. Kb1 Rd2 28.
Qb5 Nd7 29. Qc6 Rxb2+ 30. Kc1 Rxa2 31. Rxh6 Ra1+ 32. Kc2 Ra2+ 33. Kb3 Rb2+ 34.
Ka3 Rd2 35. Qc8+ Nf8 36. Rhh4 Qf6 37. Nh6+ Qxh6 38. Rxh6 Bxh6 39. Rg4+ Bg7 40.
e5 Rd4 41. Rg5 Rd5 42. Qe8 Rd7 43. g4 Kh7 44. Rh5+ Kg8 45. Qa8 Re7 46. Qd5 Ng6
47. Qa8+ Bf8 48. Qe4 Bg7 49. Qxe3 Bxe5 50. Qh6 Bg7 51. Qh7+ Kf8 52. Rf5 Re3+ 53.
Ka4 Re4+ 54. Kb5 Rxg4 55. Qh5 Rb4+ 56. Ka6 Ra4+ 57. Kb7 Kg8 58. Qf3 Nh4 59. Qc6
{Black resigns} 1-0

[Event "Team 45 45 League T82"]
[Site "Internet Chess Club"]
[Date "2019.11.03"]
[Round "6"]
[White "nathanpillay"]
[Black "Egmont"]
[Result "1-0"]
[WhiteElo "1798"]
[BlackElo "1611"]
[Opening "QGD Slav: 4.e3"]
[ECO "D11"]
[Time "10:01:20"]
[TimeControl "2700+45"]

1. d4 d5 2. c4 c6 3. Nf3 Nf6 4. e3 a6 5. Bd3 b5 6. c5 Nbd7 7. a4 Bb7 8. b4 Qc7
9. Bb2 g6 10. O-O Bg7 11. Nbd2 O-O 12. Qe2 Rfe8 13. Ne5 Nxe5 14. dxe5 Nd7 15. f4
Nf8 16. Nf3 f6 17. Qf2 Bc8 18. axb5 Bg4 19. exf6 exf6 20. bxa6 Bxf3 21. Qxf3 Qe7
22. Rfe1 f5 23. Bxg7 Qxg7 24. Rac1 Reb8 25. b5 cxb5 26. Qxd5+ Kh8 27. Bxb5
{Black resigns} 1-0

[Event "Team 45 45 League T82"]
[Site "Internet Chess Club"]
[Date "2019.11.02"]
[Round "6"]
[White "scostanzo212"]
[Black "ivanson"]
[Result "0-1"]
[WhiteElo "1574"]
[BlackElo "1676"]
[Opening "King's Indian: orthodox variation"]
[ECO "E94"]
[Time "15:01:56"]
[TimeControl "2700+45"]

1. d4 Nf6 2. c4 g6 3. Nc3 Bg7 4. e4 d6 5. Nf3 O-O 6. Be2 e5 7. O-O Na6 8. d5 Nc5
9. Qc2 a5 10. Bg5 h6 11. Be3 Ng4 12. Bxc5 dxc5 13. h3 Nf6 14. Nxe5 Nxd5 15. Nxg6
Nb4 16. Qb1 fxg6 17. a3 Nc6 18. Nd5 Be6 19. f4 Nd4 20. Qd3 Bxd5 21. cxd5 Qd6 22.
g3 Rae8 23. Bf3 Nxf3+ 24. Rxf3 Bd4+ 25. Kg2 Kg7 26. Rb1 c6 27. dxc6 Qxc6 28. e5
Rd8 29. Qe2 Rfe8 30. b3 b5 31. Kh2 Rd7 32. Rd3 c4 33. bxc4 bxc4 34. Rd2 c3 35.
Rc2 Rb7 36. Rxb7+ Qxb7 37. Qc4 Qb6 38. Rg2 Re7 39. a4 Rc7 40. Qa2 Bc5 41. g4 Be3
42. f5 Bf4+ 43. Kh1 Bxe5 44. fxg6 Rd7 45. Rg1 Qxg6 46. Re1 Qc6+ 47. Qg2 Qxg2+
48. Kxg2 Rd2+ 49. Kf3 c2 50. Rc1 Bb2 51. Rxc2 Rxc2 52. Kg3 Rc4 53. Kh4 Rxa4 54.
Kh5 Rb4 55. g5 hxg5 56. h4 Rxh4+ 57. Kxg5 Rd4 58. Kf5 a4 59. Ke6 a3 60. Ke7 a2
61. Ke8 a1=Q 62. Ke7 Qe1# {White checkmated} 0-1

[Event "Team 45 45 League T82"]
[Site "Internet Chess Club"]
[Date "2019.11.04"]
[Round "6"]
[White "PolishRyszard"]
[Black "fledermaus"]
[Result "1-0"]
[WhiteElo "1845"]
[BlackElo "1841"]
[Opening "Queen's pawn: Chigorin variation"]
[ECO "D00"]
[Time "14:32:39"]
[TimeControl "2700+45"]

1. d4 d5 2. Nc3 Nf6 3. Bf4 c5 4. e3 e6 5. Nb5 Na6 6. a4 Be7 7. Be2 O-O 8. Nf3
Nh5 9. Be5 f6 10. Bg3 Nb4 11. Bc7 Qd7 12. Ba5 Nc6 13. Bc3 g6 14. g4 Ng7 15. Qd2
a6 16. Na3 c4 17. O-O Rb8 18. a5 Ne8 19. b3 cxb3 20. cxb3 Nd6 21. h3 Ne4 22. Qe1
Nxc3 23. Qxc3 Bb4 24. Qb2 Bxa5 25. Nc2 Qd6 26. Rad1 Bc7 27. Bd3 f5 28. g5 Bd7
29. Kg2 Kg7 30. Rh1 Rh8 31. Be2 Qe7 32. Nce1 Na7 33. Nd3 Bb5 34. h4 h5 35. Nfe5
Bxd3 36. Nxd3 Bd6 37. Rc1 Ba3 38. Qd2 Bxc1 39. Rxc1 b6 40. Ne5 Qb7 41. Qa2 a5
42. Qa3 Rbc8 43. Qd6 Rhe8 44. Nd7 Nc6 45. Bb5 Qc7 46. Qxc6 Qa7 47. Qd6 Rxc1 48.
Qe5+ Kg8 49. Nf6+ Kf8 50. Bxe8 Qc7 51. Qxe6 Rc2 52. Nd7+ Kg7 53. Qxg6+ Kh8 54.
Qf6+ Kg8 55. Bf7+ {Black resigns} 1-0

[Event "Team 45 45 League T82"]
[Site "Internet Chess Club"]
[Date "2019.11.03"]
[Round "6"]
[White "zepled37"]
[Black "cadmiumorange"]
[Result "0-1"]
[WhiteElo "1633"]
[BlackElo "1834"]
[Opening "English: closed system"]
[ECO "A25"]
[Time "08:05:36"]
[TimeControl "2700+45"]

1. c4 e5 2. g3 g6 3. Bg2 Bg7 4. Nc3 Nc6 5. e3 Nge7 6. Nge2 f5 7. f4 e4 8. d3
exd3 9. Qxd3 Nb4 10. Qd1 c6 11. a3 Qa5 12. Bd2 Nd3+ 13. Kf1 Nxb2 14. Qc2 Nxc4
15. Bc1 d5 {White resigns} 0-1

[Event "Team 45 45 League T82"]
[Site "Internet Chess Club"]
[Date "2019.11.01"]
[Round "6"]
[White "carvajales"]
[Black "Grenadier"]
[Result "1/2-1/2"]
[WhiteElo "1668"]
[BlackElo "1643"]
[Opening "English, 1...Nf6 (Anglo-Indian defense)"]
[ECO "A15"]
[Time "08:01:48"]
[TimeControl "2700+45"]

1. c4 Nf6 2. g3 g6 3. Bg2 Bg7 4. Nc3 O-O 5. d3 d6 6. e4 e5 7. Nge2 Nc6 8. O-O
Bg4 9. h3 Be6 10. Nd5 Ne7 11. Bg5 Nfxd5 12. cxd5 Bd7 13. Rc1 f6 14. Be3 b6 15.
Qd2 f5 16. f4 fxe4 17. dxe4 Rc8 18. fxe5 Bxe5 19. Bd4 Bg7 20. Qc3 Bxd4+ 21. Qxd4
Bb5 22. Rxf8+ Qxf8 23. Nf4 Bd7 24. Rf1 Qg7 25. Qxg7+ Kxg7 26. b4 c6 27. dxc6
Nxc6 28. Rd1 Nxb4 29. Rxd6 Bb5 30. Ne6+ Kf7 31. Nd4 Rc1+ 32. Kf2 Be8 33. e5 Nd3+
34. Ke3 Nxe5 35. Bd5+ Kf8 36. Kf4 Nd3+ 37. Kg5 Rc5 38. Ne6+ Ke7 39. Nxc5 Kxd6
40. Nxd3 Kxd5 41. Kh6 Ke4 42. Nf4 Kf3 43. Kxh7 Kxg3 44. Nxg6 Kxh3 45. Ne5 a5 46.
Nc4 Bf7 47. Nxb6 Bxa2 48. Kg6 Kg4 49. Kf6 Kf4 50. Ke7 Ke5 51. Kd7 Kd4 52. Kc6
Bc4 53. Na4 Bd3 54. Kb6 Kc4 55. Kxa5 {Game drawn because neither player has
mating material} 1/2-1/2

[Event "Team 45 45 League T82"]
[Site "Internet Chess Club"]
[Date "2019.11.03"]
[Round "6"]
[White "GoIrish"]
[Black "mongmong"]
[Result "1/2-1/2"]
[WhiteElo "1502"]
[BlackElo "1460"]
[Opening "Réti opening"]
[ECO "A04"]
[Time "07:03:37"]
[TimeControl "2700+45"]

1. Nf3 e6 2. g3 Nf6 3. Bg2 d5 4. O-O Be7 5. d3 b5 6. Nbd2 Bb7 7. b3 O-O 8. Bb2
Nbd7 9. Re1 c5 10. e4 dxe4 11. dxe4 Nb6 12. e5 Nfd5 13. c4 bxc4 14. Nxc4 Nxc4
15. bxc4 Nb4 16. Qb3 Qb6 17. Red1 Rad8 18. a3 Nc6 19. Qxb6 axb6 20. Bc3 Rxd1+
21. Rxd1 Rd8 22. Rxd8+ Nxd8 23. Nd2 Bxg2 24. Kxg2 Nc6 25. Ne4 Kf8 26. f4 Na7 27.
a4 Nc6 28. Kf2 Ke8 29. Ke3 Kd7 {Game drawn by mutual agreement} 1/2-1/2

[Event "Team 45 45 League T82"]
[Site "Internet Chess Club"]
[Date "2019.11.03"]
[Round "6"]
[White "janh"]
[Black "Martini999"]
[Result "0-1"]
[WhiteElo "1850"]
[BlackElo "1832"]
[Opening "Queen's pawn"]
[ECO "A40"]
[Time "09:00:33"]
[TimeControl "2700+45"]

1. d4 e6 2. Nc3 d5 3. Bf4 Bd6 4. Bg3 Nf6 5. e3 Qe7 6. Nf3 Nbd7 7. Ne5 Bb4 8. Bd3
c5 9. dxc5 Nxc5 10. O-O Bxc3 11. bxc3 Nfe4 12. c4 Nxg3 13. hxg3 O-O 14. Be2 Rd8
15. Qe1 Qc7 16. Nf3 dxc4 17. Bxc4 b6 18. Nd4 Bb7 19. Rd1 Ne4 20. Qb4 a5 21. Qb3
Rdc8 22. Bd3 Nc3 23. Rd2 Bd5 24. Qb2 Bxa2 25. Nb5 Qe5 26. Nxc3 Qxc3 27. Qxc3
Rxc3 28. Be4 Bd5 29. Bxd5 exd5 30. Rb1 a4 31. Rxb6 a3 32. Rb1 h5 33. Kh2 a2 34.
Ra1 Kh7 35. Rxd5 Rxc2 36. Rxh5+ Kg6 37. Rh4 Rb2 38. Rg4+ Kh7 39. Rd4 Rb1 40. Rd1
Rxd1 {White resigns} 0-1

[Event "Team 45 45 League T82"]
[Site "Internet Chess Club"]
[Date "2019.11.01"]
[Round "6"]
[White "Ajolote"]
[Black "ANGELLR"]
[Result "1-0"]
[WhiteElo "1857"]
[BlackElo "1796"]
[Opening "French: Chigorin variation"]
[ECO "C00"]
[Time "20:04:05"]
[TimeControl "2700+45"]

1. e4 e6 2. Qe2 c5 3. Nf3 Nc6 4. g3 Nf6 5. Bg2 d5 6. d3 dxe4 7. dxe4 Be7 8. O-O
Qc7 9. Nc3 a6 10. Rd1 b5 11. Bf4 e5 12. Nd5 Nxd5 13. exd5 exf4 14. d6 Qb6 15.
Nd4 O-O 16. dxe7 Nxd4 17. exf8=Q+ Kxf8 18. Rxd4 Bb7 19. Bxb7 Qxb7 20. Re4 fxg3
21. hxg3 Rd8 22. Re1 Qd7 23. Re7 Qc8 24. Qh5 g6 25. Qxh7 {Black resigns} 1-0

[Event "Team 45 45 League T82"]
[Site "Internet Chess Club"]
[Date "2019.11.02"]
[Round "6"]
[White "iSeba"]
[Black "sergerich191"]
[Result "1-0"]
[WhiteElo "1847"]
[BlackElo "1750"]
[Opening "Caro-Kann: two knights variation"]
[ECO "B10"]
[Time "14:00:36"]
[TimeControl "2700+45"]

1. e4 c6 2. Nf3 d5 3. Nc3 e6 4. d4 dxe4 5. Nxe4 Nf6 6. Nxf6+ gxf6 7. c4 Bb4+ 8.
Bd2 Qa5 9. Bd3 Nd7 10. O-O Bxd2 11. Nxd2 f5 12. c5 Nf6 13. Nc4 Qc7 14. Nd6+ Ke7
15. Re1 Kf8 16. Qd2 h6 17. Qf4 Ne8 18. Bxf5 Nxd6 19. cxd6 Qb6 20. Bg6 f5 21. Qe5
{Black resigns} 1-0

[Event "Team 45 45 League T82"]
[Site "Internet Chess Club"]
[Date "2019.11.03"]
[Round "6"]
[White "Monterrey"]
[Black "achessman"]
[Result "1-0"]
[WhiteElo "1923"]
[BlackElo "1842"]
[Opening "QGD: semi-Slav"]
[ECO "D31"]
[Time "21:43:23"]
[TimeControl "2700+45"]

1. d4 d5 2. c4 e6 3. Nc3 c6 4. e3 Bd6 5. Nf3 f5 6. Bd3 Nf6 7. Qc2 Ne4 8. O-O Nd7
9. Bd2 O-O 10. Rab1 g5 11. g3 h5 12. Be1 Qf6 13. Nd2 h4 14. f3 Nxc3 15. bxc3
hxg3 16. Bxg3 f4 17. exf4 Bxf4 18. Rbe1 e5 19. Nb3 Kg7 20. Qe2 Re8 21. Bxf4 Qxf4
22. Kh1 dxc4 23. Bxc4 Nb6 24. Bd3 Bh3 25. Rg1 exd4 26. Be4 Kf6 27. Nxd4 Rad8 28.
Rg3 c5 29. Rxh3 cxd4 30. Rh6+ Kg7 31. Rh7+ Kg8 32. Rh5 Re5 33. Qg2 Ra5 34. Qh3
Qf6 35. Rh6 Qf4 36. Qe6+ Kg7 37. Rh7+ Kf8 38. Qe7+ {Black resigns} 1-0

[Event "Team 45 45 League T82"]
[Site "Internet Chess Club"]
[Date "2019.11.02"]
[Round "6"]
[White "jjmolina"]
[Black "laurenpar"]
[Result "1-0"]
[WhiteElo "1736"]
[BlackElo "1805"]
[Opening "French: MacCutcheon, Lasker variation"]
[ECO "C12"]
[Time "03:02:23"]
[TimeControl "2700+45"]

1. e4 e6 2. d4 d5 3. Nc3 Nf6 4. Bg5 Bb4 5. e5 h6 6. Bd2 Bxc3 7. bxc3 Ne4 8. Qg4
Kf8 9. Bd3 Nxd2 10. Kxd2 c5 11. Nf3 c4 12. Be2 Nc6 13. h4 b5 14. a3 a5 15. Rhb1
Rb8 16. Qf4 Qe7 17. g4 b4 18. axb4 axb4 19. cxb4 Rxb4 20. c3 Rxb1 21. Rxb1 Qa3
22. Bd1 Ke8 23. Bc2 Rf8 24. Qe3 f6 25. exf6 Rxf6 26. Ne5 Ne7 27. f4 Kd8 28. g5
hxg5 29. hxg5 Rf8 30. g6 Nf5 31. Qf2 Kc7 32. Qe1 Rh8 33. Nf3 Qd6 34. Qe5 Qxe5
35. fxe5 Bd7 36. Bxf5 exf5 37. Ra1 Rh6 38. Ra7+ Kd8 39. e6 Be8 40. e7+ Kc8 41.
Ne5 Kb8 42. Ra6 Kc7 43. Ra8 {Black resigns} 1-0

[Event "Team 45 45 League T82"]
[Site "Internet Chess Club"]
[Date "2019.11.03"]
[Round "6"]
[White "kidcobra"]
[Black "primerpaso"]
[Result "1/2-1/2"]
[WhiteElo "1785"]
[BlackElo "1803"]
[Opening "Sicilian: Smith-Morra gambit"]
[ECO "B21"]
[Time "20:13:13"]
[TimeControl "2700+45"]

1. e4 c5 2. d4 cxd4 3. c3 dxc3 4. Nxc3 Nc6 5. Nf3 e6 6. Bc4 Bb4 7. O-O Nge7 8.
Bg5 f6 9. Be3 Bxc3 10. bxc3 d5 11. exd5 exd5 12. Be2 O-O 13. Qc2 Bf5 14. Bd3 Qd7
15. Rad1 Ne5 16. Nxe5 fxe5 17. Rfe1 Bxd3 18. Qxd3 Rfd8 19. Bc5 b6 20. Bxe7 Qxe7
21. Qf5 Rac8 22. Rxe5 Qf7 23. Rdxd5 Qxf5 24. Rxf5 Rxd5 25. Rxd5 Rxc3 26. g3 Ra3
27. Rd2 Kf7 28. Kf1 g5 29. h3 b5 30. Rb2 a6 31. Rd2 b4 32. Ke2 a5 33. Kd1 Ke6
34. Kc1 Ke5 35. Kb2 Ke4 36. Re2+ Kf3 37. Re5 h6 38. Rf5+ Kg2 39. Rf6 Rf3 40.
Rxh6 Rxf2+ 41. Kb3 Rf3+ 42. Kb2 Kxg3 43. Rh5 Rf2+ 44. Kb3 Rf3+ 45. Kb2 Rf2+ 46.
Kb3 Rf3+ 47. Kb2 {Game drawn by repetition} 1/2-1/2

[Event "Team 45 45 League T82"]
[Site "Internet Chess Club"]
[Date "2019.10.30"]
[Round "6"]
[White "QuieroAprender"]
[Black "bobhill"]
[Result "0-1"]
[WhiteElo "1741"]
[BlackElo "1845"]
[Opening "English: symmetrical, main line with d3"]
[ECO "A38"]
[Time "22:01:08"]
[TimeControl "2700+45"]

1. c4 c5 2. Nc3 Nc6 3. g3 g6 4. Bg2 Bg7 5. Nf3 Nf6 6. d3 O-O 7. O-O d6 8. a3 Bd7
9. h4 Qc8 10. Bg5 Bh3 11. Qd2 Bxg2 12. Kxg2 a6 13. Bh6 Nd4 14. Nxd4 cxd4 15. Nd5
Nxd5 16. cxd5 Qf5 17. Bxg7 Qxd5+ 18. f3 Kxg7 19. Rac1 Rac8 20. Qg5 Qxg5 21. hxg5
h6 22. gxh6+ Kxh6 23. Rh1+ Kg7 24. Rc4 Rxc4 25. dxc4 e5 26. Rd1 Rc8 27. b3 Rc6
28. Kf2 Kf6 29. e3 dxe3+ 30. Kxe3 Ke6 31. Ke4 f5+ 32. Ke3 Rc7 33. Rh1 d5 34.
cxd5+ Kxd5 35. Rd1+ Ke6 36. Rd3 g5 37. g4 fxg4 38. fxg4 Rh7 39. Ke4 Rf7 40. Rg3
Rf4+ 41. Kd3 Kd5 42. b4 e4+ 43. Kc3 Rf3+ 44. Rxf3 exf3 45. Kd3 b5 46. Ke3 Kc4
47. Kxf3 Kd3 48. Kf2 Ke4 49. Kg3 Ke3 50. Kg2 Kf4 51. Kh3 Kf3 52. Kh2 Kxg4 53.
Kg2 Kf4 54. Kf2 Ke4 55. Kg3 Kd4 56. Kg4 Kc4 57. Kxg5 Kb3 58. Kf4 Kxa3 59. Ke3
Kxb4 60. Kd4 a5 61. Kd3 Kb3 {White resigns} 0-1

[Event "Team 45 45 League T82"]
[Site "Internet Chess Club"]
[Date "2019.11.03"]
[Round "6"]
[White "kabindra"]
[Black "JPSVI"]
[Result "0-1"]
[WhiteElo "1700"]
[BlackElo "1696"]
[Opening "French: advance variation"]
[ECO "C02"]
[Time "18:01:00"]
[TimeControl "2700+45"]

1. e4 e6 2. d4 d5 3. e5 b6 4. c3 Ne7 5. Nf3 c5 6. Bd3 a5 7. O-O Ba6 8. Bxa6 Nxa6
9. Bg5 h6 10. Bh4 g5 11. Bg3 Nf5 12. Qa4+ Qd7 13. Qxd7+ Kxd7 14. dxc5 Bxc5 15.
Rd1 Rag8 16. Nbd2 h5 17. Ne4 h4 18. Nf6+ Kc7 19. Nxg8 Rxg8 20. Nxh4 Nxh4 21.
Bxh4 gxh4 22. a3 Rg5 23. b4 Be7 24. f4 Rg4 25. Rd4 Nb8 26. Rf1 Nc6 27. Rd3 a4
28. h3 Rg8 29. Re3 b5 30. f5 Rg5 31. fxe6 fxe6 32. Rfe1 Bf8 33. Rf1 Be7 34. Rfe1
Rf5 35. Rf1 Rxf1+ 36. Kxf1 Bg5 37. Re2 Bf4 38. Rf2 Bxe5 39. Rf7+ Kb6 40. Rf3 d4
41. cxd4 Nxd4 42. Re3 Bg3 43. Rc3 e5 44. Rc5 e4 45. Rc3 Nf5 46. Rc5 Ne3+ 47. Kg1
Nc4 48. Kf1 {White resigns} 0-1

[Event "Team 45 45 League T82"]
[Site "Internet Chess Club"]
[Date "2019.11.02"]
[Round "6"]
[White "Skeptic1972"]
[Black "ARMAND02019"]
[Result "0-1"]
[WhiteElo "1484"]
[BlackElo "1686"]
[Opening "Sicilian: closed"]
[ECO "B23"]
[Time "14:07:12"]
[TimeControl "2700+45"]

1. e4 c5 2. Nc3 e6 3. f4 Nf6 4. Nf3 Nc6 5. g3 d5 6. d3 dxe4 7. Nxe4 Nxe4 8. dxe4
Qxd1+ 9. Kxd1 Be7 10. Be3 O-O 11. Ke2 b6 12. Rg1 Ba6+ 13. Kf2 Bb7 14. Bg2 Nb4
15. c3 Nd3+ 16. Ke2 Nxb2 17. Ne5 f6 18. Ng4 Nc4 19. Rad1 Rac8 20. Rd7 Ba6 21.
Rxe7 Ne5+ 22. Kd2 Nxg4 23. Rxa7 Bc4 24. h3 Rfd8+ 25. Kc1 Nxe3 {White resigns}
0-1

[Event "Team 45 45 League T82"]
[Site "Internet Chess Club"]
[Date "2019.11.04"]
[Round "6"]
[White "olivermx"]
[Black "fireball"]
[Result "0-1"]
[WhiteElo "1286"]
[BlackElo "1505"]
[Opening "French: exchange variation"]
[ECO "C01"]
[Time "21:03:49"]
[TimeControl "2700+45"]

1. e4 e6 2. d4 d5 3. exd5 exd5 4. Bd3 Nc6 5. Nf3 Nf6 6. h3 Bd6 7. O-O O-O 8. Be3
Ne4 9. Nbd2 f5 10. Nb3 f4 11. Bc1 Ne7 12. Re1 Nf6 13. Bd2 Bf5 14. Nc1 Bxd3 15.
Nxd3 Ng6 16. c3 Qd7 17. Qc1 Qf5 18. Qc2 Qh5 19. Nfe5 Ne4 20. Nxg6 hxg6 21. Rad1
f3 22. Ne5 fxg2 {White resigns} 0-1

[Event "Team 45 45 League T82"]
[Site "Internet Chess Club"]
[Date "2019.11.01"]
[Round "6"]
[White "nidusin2"]
[Black "kabubi"]
[Result "1-0"]
[WhiteElo "1490"]
[BlackElo "1119"]
[Opening "Pirc: Austrian attack"]
[ECO "B09"]
[Time "21:30:30"]
[TimeControl "2700+45"]

1. d4 Nf6 2. Nc3 g6 3. e4 d6 4. f4 Bg7 5. h3 c5 6. dxc5 dxc5 7. Qxd8+ Kxd8 8.
Bc4 e6 9. Be3 b6 10. O-O-O+ Ke7 11. Nf3 Nc6 12. e5 Ne8 13. Ne4 Bd7 14. Rd2 Rd8
15. Rhd1 Bc8 16. Nd6 Nxd6 17. exd6+ Kd7 18. Bb5 a6 19. Ne5+ Bxe5 20. Bxc6+ Kxc6
21. fxe5 f6 22. Bf4 g5 23. Bg3 f5 24. Be1 h5 25. Rf2 h4 26. Bd2 f4 27. c4 Rhf8
28. Bc3 a5 29. a4 Bb7 30. Kd2 Kd7 31. Ke2 Be4 32. Rd2 Rf7 33. Kf1 Bb1 34. Ke1
Ba2 35. b4 Bxc4 36. bxc5 bxc5 37. Rb2 Kc6 38. Bxa5 Rdd7 39. Rfd2 f3 40. Rb6#
{Black checkmated} 1-0

[Event "Team 45 45 League T82"]
[Site "Internet Chess Club"]
[Date "2019.11.04"]
[Round "6"]
[White "DaveTheRook"]
[Black "Bizzy-Ketty"]
[Result "0-1"]
[WhiteElo "1595"]
[BlackElo "1617"]
[Opening "Bogo-Indian defense"]
[ECO "E11"]
[Time "19:02:05"]
[TimeControl "2700+45"]

1. d4 Nf6 2. c4 e6 3. Nf3 Bb4+ 4. Bd2 a5 5. a3 Bxd2+ 6. Nbxd2 b6 7. e3 Bb7 8.
Bd3 O-O 9. O-O d6 10. Re1 c5 11. h3 d5 12. Ne5 cxd4 13. exd4 dxc4 14. Ndxc4 Nc6
15. Nxc6 Bxc6 16. Ne5 Bb7 17. Be2 Qd6 18. Bf3 Bxf3 19. Nxf3 Rfd8 20. Rc1 Rac8
21. Qe2 h6 22. Rc2 Nd5 23. Rec1 Rxc2 24. Rxc2 Qd7 25. Qd2 Ne7 26. Qc1 Nf5 27.
Rc7 Qd5 28. Qc3 Nxd4 29. Nxd4 Qxd4 30. Qxd4 Rxd4 31. Rc8+ Kh7 32. Rb8 Rd6 33.
Kf1 f6 34. Ke2 g5 35. Rb7+ Kg6 36. Rb8 f5 37. Rb7 e5 38. b4 axb4 39. axb4 e4 40.
b5 Kf6 41. Rh7 Ke5 42. Re7+ Kd4 43. Rc7 Rd5 44. Rc6 Rxb5 45. Rd6+ Ke5 46. Rxh6
Rb2+ 47. Kf1 b5 48. Rh8 b4 49. Re8+ Kf6 50. Rf8+ Ke5 51. Re8+ Kd4 52. Rd8+ Kc3
53. Rc8+ Kb3 54. Rc5 Ka2 55. Rxf5 Rc2 56. Ra5+ Kb2 57. Rxg5 Ka2 58. Ra5+ Kb2 59.
g4 b3 60. g5 Rc6 61. Rb5 Kc2 62. g6 Rxg6 63. Rc5+ Kb1 64. Ke2 b2 65. Kd2 Ra6 66.
Rb5 Ka1 67. Ke3 Ra4 68. h4 b1=Q 69. Rxb1+ Kxb1 70. h5 Kc2 71. h6 Ra6 72. h7 Rh6
73. Kxe4 Rxh7 74. f4 Rh1 75. Ke5 Kd3 76. f5 Re1+ 77. Kf6 Kd4 78. Kg7 Ke5 79. f6
Rg1+ 80. Kf7 Rf1 {White resigns} 0-1

[Event "Team 45 45 League T82"]
[Site "Internet Chess Club"]
[Date "2019.11.03"]
[Round "6"]
[White "Gojira"]
[Black "pokerram"]
[Result "1-0"]
[WhiteElo "1624"]
[BlackElo "1531"]
[Opening "Queen's pawn game"]
[ECO "D00"]
[Time "18:30:56"]
[TimeControl "2700+45"]

1. d4 Nf6 2. Nc3 d5 3. Bf4 g6 4. e3 Bg7 5. h4 h5 6. Be2 c6 7. Nf3 Bg4 8. Ne5
Bxe2 9. Qxe2 Nbd7 10. f3 O-O 11. O-O-O Nxe5 12. Bxe5 Nd7 13. Bxg7 Kxg7 14. g4
Nf6 15. e4 dxe4 16. Nxe4 Nxe4 17. Qxe4 Qd5 18. Qxd5 cxd5 19. gxh5 gxh5 20. Rhg1+
Kh6 21. Rg5 Rg8 22. Rxd5 Rad8 23. Rf5 f6 24. c3 Rg2 25. Re1 Kg6 26. Rf4 e5 27.
dxe5 fxe5 28. Rxe5 Rdd2 29. Rg5+ Rxg5 30. Kxd2 Rg2+ 31. Kc1 Rg1+ 32. Kc2 Rg2+
33. Kb3 Rg1 34. a4 Rb1 35. Kc2 Rf1 36. a5 b6 37. axb6 axb6 38. c4 Rf2+ 39. Kc3
Rf1 40. Kb4 Rb1 41. b3 Rb2 42. Ka4 Rb1 43. b4 Re1 44. Kb5 Re6 45. c5 bxc5 46.
bxc5 Re1 47. c6 Rb1+ 48. Kc5 {Black resigns} 1-0

[Event "Team 45 45 League T82"]
[Site "Internet Chess Club"]
[Date "2019.11.02"]
[Round "6"]
[White "mongmong"]
[Black "Electryon"]
[Result "0-1"]
[WhiteElo "1458"]
[BlackElo "1485"]
[Opening "Queen's pawn game"]
[ECO "D04"]
[Time "20:02:25"]
[TimeControl "2700+45"]

1. d4 d5 2. Nf3 Nf6 3. e3 Bf5 4. Bd3 Bg6 5. Qe2 c6 6. O-O e6 7. Nbd2 Bd6 8. e4
dxe4 9. Nxe4 Nxe4 10. Bxe4 Nd7 11. c3 Nf6 12. Bxg6 hxg6 13. Bg5 Qc7 14. h3 O-O-O
15. Rae1 Rh5 16. Bc1 Rdh8 17. Ne5 Bxe5 18. dxe5 Nd7 19. f4 Nb6 20. c4 Qe7 21. b3
Qh4 22. Rf3 Qe7 23. Rd3 Re8 24. Be3 f6 25. Bxb6 axb6 26. Qe3 fxe5 27. fxe5 Qc7
28. Rd6 Rf5 29. g4 Rf7 30. Rf1 Rxf1+ 31. Kxf1 Qf7+ 32. Kg2 Rf8 33. Rd1 Kc7 34.
Qe2 Qe7 35. Qe3 Rd8 36. Rxd8 Qxd8 37. Kf2 Qd1 38. Qe2 Qxe2+ 39. Kxe2 g5 40. Kd3
c5 41. Kc3 Kc6 42. a3 b5 43. cxb5+ Kxb5 44. a4+ Kc6 45. Kc4 b6 46. b4 cxb4 47.
Kxb4 Kc7 48. Kc3 Kb7 49. Kc4 Kc6 50. Kb4 Kc7 51. Kb5 Kb7 52. Kb4 Ka6 53. Ka3 Ka5
54. Kb3 b5 55. axb5 Kxb5 56. Kc3 Kc5 57. Kd3 Kd5 {White resigns} 0-1